AoeStats
← Daarth Vader

Arabia

510199805Analyzed
1v1 RM · 1d ago on Sep 29, 2026· 33m 50s· 2 players
Game mode
Random Map
Map size
Tiny (2 player)
Population
200
Speed
Normal
Resources
Standard
Victory
Conquest
Starting age
Dark Age
Ending age
Imperial Age
RankedLock teamsTeams togetherTeam positionsShared explorationLock speedFull tech treeHidden civsTurbo modeCheats
Victory
Defeat
🇺🇸 Danes · United States
1282
+14
🇦🇹 Burmese · Austria
1240
-14
Wellen_Willi
7:25 Loom
9:35 Feudal Age
18:38 Horse Collar
24:21 Castle Age
22:37 Man-at-Arms
23:19 Gold Mining
24:40 Fletching
25:02 Crossbowman
31:10 Redemption
Daarth Vader
7:02 Loom
9:39 Feudal Age
9:48 Man-at-Arms
12:11 Arson
12:17 Double-Bit Axe
15:25 Horse Collar
21:14 Castle Age
19:39 Scale Mail Armor
21:00 Forging
22:15 Chain Mail Armor
22:07 Squires
21:57 Long Swordsman
22:23 Gambesons
23:47 Wheelbarrow
22:59 Town Watch
29:51 Iron Casting
Connection lost

Rejoining the realm…

Still unreachable

The connection could not be restored.

Session expired

The server has moved on; the page needs a fresh start.